 Dungeon Crawl Stone Soup version 0.23-a0-143-g1adec7b (webtiles) character file.

84 GroovyGamera the Firebug (level 4, 0/33 HPs)
             Began as a Demigod Fire Elementalist on Sept 4, 2018.
             Slain by an adder (3 damage)
             ... on level 2 of the Dungeon.
             The game lasted 00:09:01 (2081 turns).

GroovyGamera the Firebug (DgFE)                     Turns: 2081, Time: 00:09:02

Health: 0/33       AC:  2    Str: 11    XL:     4   Next: 3%
Magic:  3/10       EV:  6    Int: 21    God:
Gold:   38         SH:  0    Dex: 16    Spells: 7/8 levels left

rFire    . . .     SeeInvis .   i - +2 short sword (speed)
rCold    . . .     Gourm    .   (no shield)
rNeg     . . .     Faith    .   a - +0 robe
rPois    .         Spirit   .   (no helmet)
rElec    .         Reflect  .   (no cloak)
rCorr    .         Harm     .   (no gloves)
MR       .....                  (no boots)
Stlth    ++........             (no amulet)
HPRegen  0.11/turn              (no ring)
MPRegen  0.12/turn              (no ring)

@: held
A: high mp 1
a: no special abilities


You were on level 2 of the Dungeon.
You were not hungry.

You visited 1 branch of the dungeon, and saw 2 of its levels.

You collected 38 gold pieces.

Inventory:

Hand Weapons
 b - a +0 short sword of speed
 i - a +2 short sword of speed (weapon)
 o - a +3 flail
Missiles
 l - a stone (quivered)
 n - 21 arrows
Armour
 a - a +0 robe (worn)
Jewellery
 h - a cursed ring of teleportation {unknown}
Scrolls
 e - a scroll of noise {unknown}
 g - a scroll of enchant weapon {unknown}
 m - a scroll of fog {unknown}
Potions
 d - a potion of haste {unknown}
 j - a potion of degeneration {unknown}
 k - a potion of curing {unknown}
Comestibles
 c - 5 rations


   Skills:
 - Level 1.7 Dodging
 - Level 1.7 Stealth
 + Level 2.6 Spellcasting
 + Level 2.1 Conjurations
 + Level 3.4 Fire Magic


You had 7 spell levels left.
You knew the following spells:

 Your Spells              Type           Power        Failure   Level  Hunger
a - Flame Tongue          Conj/Fire      ##...        4%          1    None

Your spell library contained the following spells:

 Spells                   Type           Power        Failure   Level  Hunger
 Throw Flame              Conj/Fire      ##....       7%          2    ##.....
 Conjure Flame            Conj/Fire      ##......     13%         3    ###....
 Inner Flame              Hex/Fire       ##......     21%         3    ###....
 Sticky Flame             Conj/Fire      ##......     41%         4    ####...
 Fireball                 Conj/Fire      ##........   77%         5    ######.


Dungeon Overview and Level Annotations

Branches:
Dungeon (2/15)


Innate Abilities, Weirdness & Mutations

You have an increased reservoir of magic. (+10% MP)


Message History

The adder closely misses you.
Casting: Flame Tongue (safe; 4% risk of failure)
Confirm with . or Enter, or press ? or * to list all spells.
Aiming: Flame Tongue (safe; 4% risk of failure)
Press: ? - help, Shift-Dir - straight line, f/p - gnoll
Aim: a gnoll, wielding a whip (almost dead)
The flame tongue hits the gnoll.
You kill the gnoll!
You have reached level 4!
The adder bites you.
* * * LOW HITPOINT WARNING * * *
Casting: Flame Tongue (safe; 4% risk of failure)
Confirm with . or Enter, or press ? or * to list all spells.
Aiming: Flame Tongue (safe; 4% risk of failure)
Press: ? - help, Shift-Dir - straight line, f - adder
Aim: an adder The flame tongue hits the adder.
The adder is lightly wounded.
The adder bites you.
You die...

#......# .....#
#......## <.....
#.......##
......###........#.
...................
#######...... ........#.
......##....###.........
....r..##..)#<..........
.§......#.#S@.#.......#
..≈.....#g#...#.......#
≈.§§...gK#...#......##
r).§§...#.#.#...#...##
$≈§§....#.......###.#
§g§§§§..####....## .#
.≈§§§..## #.##..##.##
≈...... #.........#
......### #.........#


You could see an adder.

Vanquished Creatures
  4 gnolls
  A worm (D:2)
  A dart slug (D:1)
  2 leopard geckos (D:1)
  3 giant cockroaches (D:1)
  6 goblins (D:1)
  6 hobgoblins
  2 bats (D:1)
  2 frilled lizards (D:1)
  6 kobolds (D:1)
  4 rats
37 creatures vanquished.

Notes
Turn   | Place    | Note
-------+----------+-------------------------------------------
     0 | D:1      | GroovyGamera the Demigod Fire Elementalist began the quest
                  | for the Orb.
     0 | D:1      | Reached XP level 1. HP: 14/14 MP: 5/5
    58 | D:1      | Reached skill level 1 in Conjurations
   536 | D:1      | Reached XP level 2. HP: 9/20 MP: 5/7
   796 | D:1      | Reached skill level 3 in Fire Magic
  1331 | D:2      | Reached XP level 3. HP: 26/26 MP: 7/9
  2080 | D:2      | Reached XP level 4. HP: 6/33 MP: 4/10
  2081 | D:2      | Slain by an adder

Vault maps used:
D:1:      evilmike_arrival_hilbert_curve
D:2:      lemuel_doored_altar, grunt_temple_overflow_open, kennysheep_potato

Skill      XL: |  1  2  3 |
---------------+----------+-----
Conjurations   | 1 2 |  2.1
Spellcasting   | 2 |  2.6
Fire Magic     | 3 |  3.4
Dodging        | |  1.7
Stealth        | |  1.7

Action                   |  1- 3 |  4- 6 || total
-------------------------+-------+-------++-------
Melee: Hand axe          |     6 |       ||     6
       Short sword       |    44 |       ||    44
Throw: Stone             |    13 |       ||    13
 Cast: Flame Tongue      |    45 |     2 ||    47
 Stab: Sleeping          |     2 |       ||     2
  Eat: Chunk             |     4 |       ||     4
Armor: Robe              |     8 |       ||     8
Dodge: Dodged            |    52 |       ||    52

Table legend:
 A = Non-vault XP
 B = Vault XP
 C = Vault XP percentage of total XP
 D = Non-vault monster count
 E = Vault monster count
 F = Vault count percentage of total count
                 A         B        C        D         E       F
            +---------+---------+-------+---------+---------+-------
      Total |     113 |       7 |   5.8 |      35 |       2 |   5.4
            +---------+---------+-------+---------+---------+-------
        D:1 |      91 |       2 |   2.2 |      30 |       1 |   3.2
        D:2 |      22 |       5 |  18.5 |       5 |       1 |  16.7
            +---------+---------+-------+---------+---------+-------
